 Dungeon Crawl Stone Soup version 0.28-a0-1429-gf3d713df7a (webtiles) character file.

Game seed: 16917276923904287620

20 somkeydreadnuts the Shield-Bearer (level 3, 30/30 HPs)
             Began as a Formicid Fighter on Jan 9, 2022.
             Got out of the dungeon alive.
             The game lasted 00:02:24 (721 turns).

somkeydreadnuts the Shield-Bearer (Formicid Fighter) Turns: 721, Time: 00:02:24

Health: 30/30      AC:  6    Str: 22    XL:     3   Next: 0%
Magic:  3/3        EV:  9    Int:  7    God:
Gold:   50         SH:  4    Dex: 10    Spells: 2/2 levels left

rFire   . . .      SeeInvis +   a - +0 war axe
rCold   . . .      Faith    .   c - +0 buckler
rNeg    . . .      Spirit   .   b - +0 scale mail
rPois   .          Reflect  .   (helmet unavailable)
rElec   .          Harm     .   (no cloak)
rCorr   .          Rampage  .   (no gloves)
Will    .....                   (no boots)
Stlth   ..........              (no amulet)
HPRegen 0.10/turn               (no ring)
MPRegen 0.08/turn               (no ring)

@: no status effects
A: permanent stasis, dig shafts and tunnels, antennae 3, four strong arms
a: Dig, Shaft Self


You escaped.
You visited 1 branch of the dungeon, and saw 1 of its levels.

You collected 50 gold pieces.

Inventory:

Hand Weapons
 a - a +0 war axe (weapon)
Armour
 b - a +0 scale mail (worn)
 c - a +0 buckler (worn)
Scrolls
 g - a scroll of fog {unknown}
 h - a scroll of identify {unknown}
Potions
 d - a potion of might
 e - a potion of berserk rage {unknown}
 f - 3 potions of curing {unknown}


   Skills:
 + Level 3.8 Fighting
 + Level 2.1 Axes
 + Level 3.4 Armour
 + Level 4.0 Shields


You had 2 spell levels left.
You didn't know any spells.
Your spell library was empty.

Dungeon Overview and Level Annotations

Branches:
Dungeon (1/15)

Altars:


Innate Abilities, Weirdness & Mutations

You cannot be hasted, slowed, berserked, paralysed or teleported.
You can dig through walls and to a lower floor.
You have a pair of large antennae on your head. (SInv)
Your four strong arms can wield two-handed weapons with a shield.


Message History

You kill the giant cockroach!
Unknown command.
You sense a monster nearby.
A hobgoblin comes into view.
Found 2 glowing ruby potions.
The hobgoblin shouts!
You hit the hobgoblin.
The hobgoblin is moderately wounded.
The hobgoblin hits you.
You barely miss the hobgoblin.
The hobgoblin is moderately wounded.
The hobgoblin barely misses you.
The hobgoblin hits you but does no damage.
You barely miss the hobgoblin.
The hobgoblin is moderately wounded.
The hobgoblin hits you.
You hit the hobgoblin.
The hobgoblin is almost dead.
The hobgoblin hits you but does no damage.
You hit the hobgoblin but do no damage.
The hobgoblin is almost dead.
You block the hobgoblin's attack.
The hobgoblin hits you but does no damage.
You hit the hobgoblin.
You kill the hobgoblin!
Your Shields skill increases to level 4!
You have reached level 3!
Your experience leads to an increase in your attributes!
Increase (S)trength, (I)ntelligence, or (D)exterity?
Uppercase letters only, please.
You feel stronger. x2
You see here a hobgoblin corpse.
f - 3 glowing ruby potions (gained 2)
Found a scroll labelled UROEQI GAOR.
h - a scroll labelled UROEQI GAOR You see here a bat skeleton.
You see here 16 stones.
There is a staircase leading out of the dungeon here.
Are you sure you want to leave the Dungeon?
This will make you lose the game!
You have escaped!

♣P≈P♣≈≈≈♣#...........
♣≈≈≈♣≈≈≈♣#....###.#..
♣.^.♣.^.♣####.###.#.. ♣♣
♣P.P P.P♣ ♣♣###...###
♣♣♣PP♣♣.♣♣♣.♣♣PP♣♣♣#####
♣≈≈..♣.......♣..≈P♣♣
8≈≈^...........^≈≈8♣###
.♣.......♣P.≈≈♣♣#.##
♣...@...♣ ♣♣♣♣ #..# ♣♣
♣......(♣♣♣♣♣♣ ##.#
≈.P♣.......♣..≈P♣♣##.###
≈^...........^≈≈8♣#.....
≈≈..♣.PP.P..♣..≈P♣♣#.....
♣♣.P♣♣♣...♣♣♣PP♣♣♣ #.....
♣♣♣♣♣♣♣♣...♣♣♣♣♣♣♣♣ #.....
♣♣P≈.P♣.......♣P.≈P♣♣##....
♣8≈≈^...........^≈≈8♣ #....


There were no monsters in sight!

Vanquished Creatures
  A ball python (D:1)
  An endoplasm (D:1)
  2 giant cockroaches (D:1)
  4 hobgoblins (D:1)
  2 jackals (D:1)
  A quokka (D:1)
  2 bats (D:1)
  2 kobolds (D:1)
  2 rats (D:1)
17 creatures vanquished.

Notes
Turn   | Place    | Note
-------+----------+-------------------------------------------
     0 | D:1      | somkeydreadnuts the Formicid Fighter began the quest for
                  | the Orb.
     0 | D:1      | Reached XP level 1. HP: 18/18 MP: 1/1
   346 | D:1      | Reached XP level 2. HP: 24/24 MP: 2/2
   480 | D:1      | Found a faded altar of an unknown god.
   645 | D:1      | Reached skill level 4 in Shields
   645 | D:1      | Reached XP level 3. HP: 27/30 MP: 3/3
   721 | D:$      | Got out of the dungeon alive.

Illustrated notes

Levels and vault maps discovered:
D:1:      psy_arrival_wood_between_worlds, layout_rooms,
          hellmonk_ecumenical_altar_zigzags

Skill      XL: |  1  2 |
---------------+-------+-----
Shields        | 4 |  4.0
Fighting       | |  3.8
Axes           | |  2.1
Armour         | |  3.4

Action                   || total
-------------------------++-------
Melee: War axe           ||    64
Armor: Scale mail        ||    44
Dodge: Dodged            ||    30
Block: Buckler           ||    16

Table legend: (Time is in decaauts)
 A = Elapsed time spent in this place.
 B = Non-inter-level travel time spent in this place.
 C = Inter-level travel time spent in this place.
 D = Time resting spent in this place.
 E = Time spent auto-exploring this place.
 F = Levels seen in this place.
 G = Mean time per level.
                   A        B        C        D        E       F      G
               +--------+--------+--------+--------+--------+-----+--------+
         Total |    748 |    695 |     53 |      0 |    409 |   1 |  748.0 |
       Dungeon |    748 |    695 |     53 |      0 |    409 |   1 |  748.0 |
               +--------+--------+--------+--------+--------+-----+--------+

Top non-repeatable levels by time:
     D:1: 748 daAuts
